 Dungeon Crawl Stone Soup version 0.30.1 (webtiles) character file.

Game seed: 7575323988302203638

2521 cdecastro the Thaumaturge (level 9, 0/68 HPs)
             Began as a Djinni Ice Elementalist on July 8, 2023.
             Shot with an arrow by a centaur (11 damage)
             ... on level 7 of the Dungeon.
             The game lasted 00:23:01 (7899 turns).

cdecastro the Thaumaturge (Djinni Ice Elementalist) Turns: 7899, Time: 00:23:02

Health: 0/68       AC:  2    Str:  7    XL:     9   Next: 84%
Gold:   376        EV: 12    Int: 20    God:
                   SH:  0    Dex: 15

rFire   + + +        d - +0 dagger (protect)
rCold   x . .        (no shield)
rNeg    . . .        a - +0 robe
rPois   ∞            (no helmet)
rElec   .            (no cloak)
rCorr   .            (no gloves)
SInv    .            (boots unavailable)
Will    .....        (no amulet)
Stlth   ++           i - ring of protection from fire
HPRegen 0.31/turn    (no ring)
MPRegen 0.00/turn

%: infuse magic (-1 HP)
@: flying
A: sickness immunity, fire resistance 2, cold vulnerability 1, float, innate
caster, HP casting, extra vitality 1
a: no special abilities


You were on level 7 of the Dungeon.
You visited 1 branch of the dungeon, and saw 7 of its levels.
You also visited: Ossuary.

You collected 376 gold pieces.

Inventory:

Hand Weapons
 c - a +0 short sword
 d - a +0 dagger of protection (weapon)
Missiles
 f - a throwing net
 E - a curare-tipped dart
 F - 7 poisoned darts
Armour
 a - a +0 robe (worn)
Jewellery
 i - a ring of protection from fire (left hand)
 I - a ring of wizardry
Wands
 l - a wand of flame (3)
 G - a wand of charming (9)
Scrolls
 b - 4 scrolls of poison
 e - 3 scrolls of teleportation {unknown}
 g - a scroll of fear {unknown}
 h - 3 scrolls of identify {unknown}
 k - 4 scrolls of noise {unknown}
 n - a scroll of amnesia {unknown}
 r - 2 scrolls of magic mapping {unknown}
 s - a scroll of immolation {unknown}
 t - 3 scrolls of vulnerability {unknown}
 y - a scroll of torment {unknown}
 A - a scroll of enchant armour {unknown}
 B - a scroll of enchant weapon {unknown}
 H - a scroll of butterflies {unknown}
 J - a scroll of fog {unknown}
Potions
 j - 3 potions of curing {unknown}
 m - 2 potions of berserk rage {unknown}
 o - 2 potions of might
 p - 2 potions of mutation {unknown}
 q - a potion of cancellation {unknown}
 u - a potion of resistance {unknown}
 v - 2 potions of heal wounds {unknown}
 w - 2 potions of invisibility {unknown}
 x - 4 potions of attraction {unknown}
 z - 2 potions of brilliance {unknown}
 C - 2 potions of flight {unknown}
 D - 2 potions of haste {unknown}


   Skills:
 + Level 7.1 Fighting
 - Level 2.1 Dodging
 - Level 1.5 Stealth
 * Level 8.7 Spellcasting


You knew the following spells:

 Your Spells              Type           Power      Damage    Failure   Level
a - Freeze                Ice            100%       1d10      1%          1
b - Frozen Ramparts       Ice            86%        1d13      1%          3
c - Ozocubu's Armour      Ice            43%        N/A       1%          3
d - Summon Ice Beast      Ice/Summ       43%        N/A       2%          4
e - Magic Dart            Conj           100%       1d8       1%          1
f - Blink                 Tloc           86%        N/A       1%          2
g - Tukima's Dance        Hex            43%        N/A       1%          3
h - Dispel Undead         Necr           43%        3d17      2%          4
Your spell library was empty.

Dungeon Overview and Level Annotations

Branches:
Dungeon (7/15)            Ossuary (visited)
 Temple: D:4-7

Altars:
Yredelemnul

Annotations:
D:2 Sigmund
D:3 Grinder
D:4 Blork the orc
D:5 exclusion: ice beast


Innate Abilities, Weirdness & Mutations

You are immune to sickness and miasma.
You are immune to poison.
Your flesh is very heat resistant. (rF++)
You are vulnerable to cold. (rC-)
You float through the air rather than walking.
You learn spells naturally, not from books.
Your magical power is your life essence.
You have superior vitality. (+4 MHP)


Message History

The arrow barely misses you.
The centaur shoots an arrow.
The arrow hits you.
The centaur shoots an arrow.
The arrow hits you!
A centaur comes into view.
The centaur shouts!
The centaur wields a +0 shortbow.
The centaur shoots an arrow.
The arrow misses you.
The centaur shoots an arrow.
The arrow hits you!
The centaur shoots an arrow.
The arrow hits you!
The centaur shoots an arrow.
The arrow hits you.
* * * LOW HITPOINT WARNING * * *
The centaur shoots an arrow.
The arrow closely misses you.
The centaur shoots an arrow.
The arrow hits you.
* * * LOW HITPOINT WARNING * * *
The centaur shoots an arrow.
The arrow completely misses you.
Casting: Frozen Ramparts (safe; 1% risk of failure)
Confirm with . or Enter, or press ? or * to list all spells.
A chill wind blows around you.
* * * LOW HITPOINT WARNING * * *
The centaur shoots an arrow.
The arrow barely misses you. The arrow hits your ice beast.
The centaur shoots an arrow.
The arrow hits you.
* * * LOW HITPOINT WARNING * * *
The centaur shoots an arrow.
The arrow closely misses you. The arrow hits your ice beast.
The centaur shoots an arrow.
The arrow hits you.
* * * LOW HITPOINT WARNING * * *
You swap places.
The centaur shoots an arrow.
The arrow closely misses your ice beast.
The arrow hits you.
* * * LOW HITPOINT WARNING * * *
The centaur shoots an arrow.
The arrow hits your ice beast!
The centaur shoots an arrow.
The arrow closely misses your ice beast.
The arrow closely misses you.
The centaur shoots an arrow.
The arrow closely misses your ice beast.
The arrow closely misses you.
The centaur shoots an arrow.
The arrow hits your ice beast but does no damage.
Your ice beast hits the centaur but does no damage.
The centaur shoots an arrow.
The arrow closely misses your ice beast.
The arrow hits you!
You die...

#.# #.# #.# #.# #.# #.#
#####<# #.# #.....# #.# #
#.# #.####.#########c##.#.
#.# #......^...@...Y.c....
##.###)>.##.#########....#.
............# #....
###...##.#### .#. ##.###.#
# #.# #.# # #.###.#### #
#........# # #####.##.#


You could see 2 centaurs and a friendly ice beast (summoned).

Vanquished Creatures
  Menkaure (D:5)
  A black bear (D:5)
  2 ice beasts (D:6)
  A centaur (D:7)
  A phantom (D:6)
  2 kobold brigands (D:6)
  A gnoll sergeant (D:4)
  3 scorpions
  A howler monkey (D:6)
  A centaur zombie (Ossuary)
  3 hounds
  An orc priest (D:6)
  A jelly (D:6)
  5 iguanas
  2 scorpion zombies (Ossuary)
  An orc wizard (D:6)
  5 gnolls
  7 adders
  2 white imps
  A worm (D:2)
  6 orcs
  11 ball pythons
  6 endoplasms
  6 giant cockroaches
  5 goblins
  6 hobgoblins
  4 quokkas
  6 bats
  5 frilled lizards
  2 goblin zombies (Ossuary)
  11 kobolds
  2 rats
112 creatures vanquished.

Vanquished Creatures (collateral kills)
  An ogre (D:6)
  9 scorpions (Ossuary)
  3 human zombies (Ossuary)
  4 centaur zombies (Ossuary)
  2 scorpion zombies (Ossuary)
  An orc wizard (D:6)
  3 mummies (Ossuary)
  2 orcs (D:6)
  A gnoll zombie (Ossuary)
  2 goblin zombies (Ossuary)
  6 hobgoblin zombies (Ossuary)
  2 kobold zombies (Ossuary)
  2 orc zombies (Ossuary)
38 creatures vanquished.

Grand Total: 150 creatures vanquished

Notes
Turn   | Place    | Note
-------+----------+-------------------------------------------
     0 | D:1      | cdecastro the Djinni Ice Elementalist began the quest for
                  | the Orb.
     0 | D:1      | cdecastro set off with the following spells memorised:
                  | Freeze, Frozen Ramparts, Ozocubu's Armour, Summon Ice
                  | Beast.
     0 | D:1      | Reached XP level 1. HP: 15/15 MP: 0/0
    90 | D:1      | Found a faded altar of an unknown god.
   145 | D:1      | Reached XP level 2. HP: 21/22 MP: 0/0
   417 | D:1      | Reached skill level 1 in Fighting
   636 | D:1      | Reached XP level 3. HP: 25/27 MP: 0/0
   636 | D:1      | Learned a level 1 spell: Magic Dart
   915 | D:2      | Noticed Sigmund
  1264 | D:2      | Reached skill level 4 in Spellcasting
  1264 | D:2      | Reached XP level 4. HP: 30/32 MP: 0/0
  2088 | D:2      | Reached XP level 5. HP: 35/38 MP: 0/0
  2088 | D:2      | Learned a level 2 spell: Blink
  2625 | D:3      | Noticed Grinder
  2973 | D:4      | Noticed Blork the orc
  3537 | D:5      | Entered Level 5 of the Dungeon
  3551 | D:5      | Noticed Menkaure
  3720 | D:5      | Killed Menkaure
  3721 | D:5      | Reached skill level 5 in Spellcasting
  3721 | D:5      | Reached XP level 6. HP: 36/46 MP: 0/0
  3893 | D:5      | Noticed a black bear
  3944 | D:4      | Reached XP level 7. HP: 27/50 MP: 0/0
  3944 | D:4      | Learned a level 3 spell: Tukima's Dance
  4895 | D:5      | Reached skill level 6 in Spellcasting
  5092 | D:6      | Found a sand-covered staircase.
  5107 | Ossuary  | Entered an ossuary
  5126 | Ossuary  | Reached XP level 8. HP: 47/58 MP: 0/0
  5385 | Ossuary  | Reached skill level 5 in Fighting
  5614 | Ossuary  | Reached skill level 7 in Spellcasting
  5890 | Ossuary  | Reached XP level 9. HP: 54/66 MP: 0/0
  5890 | Ossuary  | Learned a level 4 spell: Dispel Undead
  6362 | D:6      | Reached skill level 8 in Spellcasting
  6506 | D:6      | Found a basalt altar of Yredelemnul.
  7899 | D:7      | Shot with an arrow by a centaur

Illustrated notes

Levels and vault maps discovered:
D:1:      dpeg_arrival_lava_temple_mockup, layout_loops_ring,
          hellmonk_ecumenical_altar_run_dry
D:2:      layout_basic, st_stairs_14, kennysheep_boxes, uniq_sigmund
D:3:      layout_loops_corners, uniq_grinder
D:4:      layout_rooms, uniq_blork_the_orc
D:5:      layout_cave_pools, uniq_menkaure
D:6:      layout_loops_ring, mainiacjoe_overflow_tiny_flanked, enter_ossuary_1
D:7:      layout_loops_ring, minmay_temple_entry_glass,
          biasface_ghost_orc_armoury, grunt_decor_fettered

Skill      XL: |  1  2  3  4  5  6  7  8  9 |
---------------+----------------------------+-----
Fighting       | 1 2 3 4 5 7 |  7.1
Spellcasting   | 4 5 6 7 8 |  8.7
Dodging        | |  2.1
Stealth        | |  1.5

Action                     |  1- 3 |  4- 6 |  7- 9 || total
---------------------------+-------+-------+-------++-------
  Melee: Short sword       |     1 |       |       ||     1
         Dagger            |    18 |    15 |   242 ||   275
         Punch             |     1 |     1 |     2 ||     4
   Cast: Freeze            |    46 |     8 |     6 ||    60
         Magic Dart        |       |    73 |    29 ||   102
         Frozen Ramparts   |       |     4 |    25 ||    29
         Ozocubu's Armour  |       |     1 |    21 ||    22
         Summon Ice Beast  |       |       |    23 ||    23
         Dispel Undead     |       |       |     2 ||     2
  Evoke: Wand              |       |     6 |     2 ||     8
    Use: Scroll            |       |       |     1 ||     1
   Stab: Sleeping          |     5 |       |     1 ||     6
         Distracted        |       |       |     2 ||     2
 Armour: Robe              |     6 |     9 |   191 ||   206
  Dodge: Dodged            |    23 |    19 |   264 ||   306
